 Dungeon Crawl Stone Soup version 0.17.0 (webtiles) character file.

18568 Sheev the Nimble (level 12, 0/87 HPs)
             Began as a High Elf Air Elementalist on Nov 7, 2015.
             Was a Priest of Vehumet.
             Slain by a swamp dragon (4 damage)
             ... on level 5 of the Lair of Beasts.
             The game lasted 02:26:32 (20245 turns).

Sheev the Nimble (High Elf Air Elementalist)       Turns: 20245, Time: 02:26:33

Health: 0/87       AC:  4    Str:  7    XL:     12   Next: 28%
Magic:  2/34       EV: 22    Int: 21    God:    Vehumet [***...]
Gold:   597        SH:  0    Dex: 21    Spells: 6 memorised, 14 levels left

rFire  + . .     SeeInvis .     M - +2 scimitar (slice)
rCold  . . .     Clarity  .     a - +2 robe
rNeg   . . .     SustAt   .     (no shield)
rPois  .         Gourm    .     p - +0 helmet
rElec  +         Spirit   .     (no cloak)
rCorr  .         Warding  .     (no gloves)
rMut   .         Stasis   .     (no boots)
MR     ++...                    (no amulet)
Stlth  +++.......               t - ring of magical power
                                r - +3 ring of intelligence

@: very resistant to hostile enchantments, fairly stealthy
A: talons 1, deformed body, dopey 1, fire resistance 1, magic resistance 1,
mutation resistance 1, electricity resistance
a: Renounce Religion


You were on level 5 of the Lair of Beasts.
You worshipped Vehumet.
Vehumet was most pleased with you.
You were hungry.

You visited 3 branches of the dungeon, and saw 15 of its levels.
You also visited: Ossuary.

You collected 869 gold pieces.
You spent 272 gold pieces at shops.

Inventory:

Hand Weapons
 M - a +2 scimitar of slicing (weapon)
Armour
 a - a +2 robe (worn)
 p - a +0 helmet (worn)
Jewellery
 r - a +3 ring of intelligence (left hand)
 t - a ring of magical power (right hand)
 H - an uncursed ring of poison resistance
 K - an uncursed ring of invisibility
 O - an uncursed ring of stealth
 P - a +2 ring of slaying
Wands
 u - a wand of slowing (24)
 v - a wand of lightning (4)
 y - a wand of disintegration (8)
 E - a wand of invisibility (0)
 F - a wand of flame (32)
 I - a wand of slowing (18)
Scrolls
 e - a scroll of immolation
 g - a scroll of holy word
 j - 6 scrolls of teleportation
 k - 5 scrolls of magic mapping
 o - 3 scrolls of amnesia
 q - a scroll of summoning
 w - a scroll of enchant armour
 A - 5 scrolls of remove curse
 C - 4 scrolls of fog
 N - a scroll of identify
Potions
 x - 6 potions of curing
 z - a potion of brilliance
 B - 2 potions of heal wounds
 D - 3 potions of lignification
 G - 2 potions of agility
 L - a potion of resistance
 V - 2 potions of flight
Books
 b - a book of Air

   Spells                             Type                      Level
   a - Shock                          Conjuration/Air              1
   b - Swiftness                      Charms/Air                   2
   c - Repel Missiles                 Charms/Air                   2
   d - Static Discharge               Conjuration/Air              3
   e - Lightning Bolt                 Conjuration/Air              5
 m - a book of Debilitation

   Spells                             Type                      Level
   a - Corona                         Hexes                        1
   b - Slow                           Hexes                        2
   c - Gell's Gravitas                Hexes/Translocation          3
   d - Inner Flame                    Hexes/Fire                   3
   e - Cause Fear                     Hexes                        4
   f - Leda's Liquefaction            Hexes/Earth                  4
 s - a book of Frost

   Spells                             Type                      Level
   a - Freeze                         Ice                          1
   b - Throw Frost                    Conjuration/Ice              2
   c - Ozocubu's Armour               Charms/Ice                   3
   d - Throw Icicle                   Conjuration/Ice              4
   e - Summon Ice Beast               Ice/Summoning                4
   f - Condensation Shield            Ice                          4
Miscellaneous
 d - a lantern of shadows
Comestibles
 c - 2 bread rations
 h - 2 royal jellies
 i - 6 fruits
 l - a meat ration
 n - a beef jerky


   Skills:
 - Level 10.0 Fighting
 - Level 10.1 Long Blades
 - Level 10.2 Dodging
 - Level 2.1 Stealth
 - Level 8.0 Spellcasting
 + Level 9.1 Conjurations
 - Level 9.2 Air Magic


You had 14 spell levels left.
You knew the following spells:

 Your Spells              Type           Power        Failure   Level  Hunger
a - Shock                 Conj/Air       ####         1%          1    None
b - Static Discharge      Conj/Air       #####...     1%          3    None
c - Lightning Bolt        Conj/Air       #####.....   1%          5    #####..
d - Repel Missiles        Chrm/Air       ####..       1%          2    None
e - Sting                 Conj/Pois      ####         1%          1    None
f - Magic Dart            Conj           ####         1%          1    None


Dungeon Overview and Level Annotations

Branches:
Dungeon (9/15)             Temple (1/1) D:7            Lair (5/8) D:9
  Swamp: Lair:3-6    Shoals: Lair:3-6     Snake: Lair:3-6    Spider: Lair:3-6
    Orc: D:9-12

Altars:
Ashenzari
Cheibriados
Dithmenos
Elyvilon
Fedhas
Gozag
Kikubaaqudgha
Makhleb
Nemelex Xobeh
Okawaru
Qazlal
Ru
Sif Muna
Trog
Vehumet
Xom
Yredelemnul
Zin
The Shining One

Shops:
D:4 ?   D:8 [}*((


Innate Abilities, Weirdness & Mutations

You have sharp toenails.
Armour fits poorly on your strangely shaped body.
You are dopey. (Int -2)
Your flesh is heat resistant.
You are resistant to hostile enchantments.
You are somewhat resistant to further mutation.
You are resistant to electric shocks.


Message History

The swamp dragon tramples you!
* * * LOW HITPOINT WARNING * * *
You stumble backwards!
A black mamba comes into view.
You feel better. The swamp dragon closely misses you.
The swamp dragon claws you!
* * * LOW HITPOINT WARNING * * *
The swamp dragon tramples you.
* * * LOW HITPOINT WARNING * * *
You hold your ground!
Unknown command.
Zapping:
y - a wand of disintegration (will waste charges)
Press: ? - help, Shift-Dir - straight line, f/p - swamp dragon
Aim: a swamp dragon (severely wounded, catching its breath, chance to defeat MR: 48%)
The swamp dragon is blasted.
Evoking this partially-identified wand wasted a few charges.
The swamp dragon bites you.
* * * LOW HITPOINT WARNING * * *
The swamp dragon claws you.
You die...

### #######.#### ##
#P@##§.#...###.#
##§D...........#
##..§.........# ###
#.............##..#
#P....S........P...
#.†...........P....
##............#..##
#...........÷..#
#..........<÷###


You could see a swamp dragon and a black mamba.

Vanquished Creatures
  Erolcha (D:9)
  Harold (Lair:1)
  A death yak (Lair:5)
  2 hydras
  2 black mambas (Lair:3)
  8 spiny frogs
  The ghost of WildSam the Slasher, a novice DsGl (D:5)
  7 komodo dragons
  A fire drake (Lair:4)
  Prince Ribbit (D:5)
  6 blink frogs (Lair:3)
  9 yaks
  4 fire bats (Lair:4)
  4 wolves (Lair:4)
  2 basilisks
  Menkaure (D:6)
  2 hippogriffs
  6 water moccasins
  Edmund (D:5)
  A swamp drake (D:9)
  2 sky beasts
  3 porcupines
  2 ice beasts
  A black bear (D:8)
  A necrophage (D:5)
  An ogre (D:7)
  3 orc warriors
  5 crocodiles
  A big kobold (D:9)
  2 centaurs
  9 giant frogs
  3 scorpions
  6 killer bees (D:8)
  A lava snake (Lair:4)
  4 crimson imps
  2 giant frog zombies
  A quasit (D:9)
  2 jellies
  A centaur skeleton (D:4)
  2 centaur zombies
  4 hounds
  6 orc wizards
  5 orc priests
  7 iguanas
  Natasha (thrice) (D:3)
  4 worker ants
  7 sheep (Lair:5)
  A killer bee zombie (D:6)
  A big kobold zombie (Ossuary)
  2 hound zombies
  5 mummies
  13 river rats (Lair:1)
  12 adders
  6 gnolls (D:4)
  12 white imps (Lair:1)
  A shadow imp (D:5)
  An ooze (D:4)
  An adder zombie (D:6)
  4 worms
  3 giant geckos (D:3)
  38 orcs
  2 giant cockroaches
  4 hobgoblins
  8 bats
  A giant cockroach zombie (D:5)
  3 giant newts
  5 goblins
  3 hobgoblin zombies (Ossuary)
  11 jackals
  A jackal zombie (D:5)
  10 kobolds
  A quokka (D:4)
  5 rats (D:3)
  A fungus (Lair:4)
  A plant (Lair:5)
305 creatures vanquished.

Vanquished Creatures (collateral kills)
  Urug (Lair:1)
1 creature vanquished.

Vanquished Creatures (others)
  6 fungi
6 creatures vanquished.

Grand Total: 312 creatures vanquished

Notes
Turn   | Place    | Note
--------------------------------------------------------------
     0 | D:1      | Sheev the High Elf Air Elementalist began the quest for the Orb.
     0 | D:1      | Reached XP level 1. HP: 11/11 MP: 4/4
   747 | D:2      | Reached XP level 2. HP: 9/17 MP: 1/6
  2232 | D:2      | Reached XP level 3. HP: 14/21 MP: 4/7
  2427 | D:2      | Learned a level 3 spell: Static Discharge
  2534 | D:2      | Gained mutation: You evolve. [potion of mutation]
  2534 | D:2      | Gained mutation: Your system is resistant to poisons. [potion of mutation]
  2534 | D:2      | Lost mutation: You evolve. [potion of mutation]
  2535 | D:2      | Gained mutation: You are resistant to hostile enchantments. [potion of mutation]
  2535 | D:2      | Gained mutation: You tend to lose your temper in combat. [potion of mutation]
  2535 | D:2      | Gained mutation: You are resistant to electric shocks. [potion of mutation]
  2544 | D:3      | Noticed Natasha
  3060 | D:3      | Reached skill level 4 in Conjurations
  3123 | D:3      | Reached XP level 4. HP: 27/27 MP: 8/8
  3217 | D:3      | Killed Natasha
  3227 | D:3      | Reached skill level 5 in Conjurations
  3376 | D:3      | Noticed Natasha
  3377 | D:3      | Killed Natasha
  3377 | D:3      | Reached XP level 5. HP: 31/31 MP: 9/9
  3460 | D:3      | Noticed Natasha
  3464 | D:3      | Reached skill level 6 in Conjurations
  3468 | D:3      | Killed Natasha
  4093 | D:4      | Reached XP level 6. HP: 31/36 MP: 5/10
  4193 | D:4      | Found Daizujil's Magic Scroll Shop.
  4204 | D:4      | Bought a scroll of remove curse for 30 gold pieces
  4204 | D:4      | Bought a scroll of enchant armour for 75 gold pieces
  4289 | D:4      | Reached skill level 7 in Conjurations
  4520 | D:4      | Found a sand-covered staircase.
  4530 | Ossuary  | Entered an ossuary
  5521 | Ossuary  | Gained mutation: You are dopey. (Int -2) [potion of mutation]
  5521 | Ossuary  | Lost mutation: Your system is resistant to poisons. [potion of mutation]
  5544 | D:4      | Learned a level 5 spell: Lightning Bolt
  5583 | D:4      | Reached skill level 8 in Conjurations
  5633 | D:4      | Reached XP level 7. HP: 38/41 MP: 8/11
  6552 | D:4      | Bought a scroll of summoning for 95 gold pieces
  6552 | D:4      | Bought a scroll of fog for 20 gold pieces
  6570 | D:5      | Entered Level 5 of the Dungeon
  6759 | D:5      | Noticed Edmund
  6768 | D:5      | Killed Edmund
  6768 | D:5      | Reached skill level 5 in Air Magic
  6918 | D:5      | Noticed Prince Ribbit
  7420 | D:5      | Noticed WildSam's ghost (novice DsGl)
  7430 | D:5      | Killed WildSam's ghost
  7430 | D:5      | Reached XP level 8. HP: 28/46 MP: 0/12
  7778 | D:5      | Lost mutation: You tend to lose your temper in combat. [mutagenic meat]
  7779 | D:5      | Gained mutation: Armour fits poorly on your strangely shaped body. [mutagenic meat]
  7780 | D:5      | Gained mutation: You have sharp toenails. [mutagenic meat]
  7781 | D:5      | Gained mutation: Your flesh is heat resistant. [mutagenic meat]
  8172 | D:5      | Reached skill level 9 in Air Magic
  8263 | D:6      | Found a sparkling altar of Nemelex Xobeh.
  8690 | D:6      | Noticed Menkaure
  8701 | D:6      | Killed Menkaure
  8701 | D:6      | Reached skill level 5 in Spellcasting
  9454 | D:5      | Killed Prince Ribbit
  9454 | D:5      | Reached XP level 9. HP: 44/51 MP: 12/20
  9615 | D:7      | Learned a level 2 spell: Repel Missiles
 10619 | D:7      | Found a staircase to the Ecumenical Temple.
 10634 | Temple   | Entered the Ecumenical Temple
 10647 | Temple   | Became a worshipper of Vehumet
 10912 | D:8      | Found Roatt's Gadget Shoppe.
 11022 | D:8      | Found Ponus's Weapon Emporium.
 11119 | D:8      | Found Faycoank's Antique Weapon Shop.
 11284 | D:8      | Found Asumaqi's General Store.
 11312 | D:8      | Found Xiclexka's Armour Boutique.
 11916 | D:8      | Bought a scroll of identify for 26 gold pieces
 11916 | D:8      | Bought a scroll of identify for 26 gold pieces
 11931 | D:8      | Reached skill level 5 in Dodging
 12451 | D:9      | Noticed Erolcha
 12561 | D:9      | Found a stormy altar of Qazlal.
 12563 | D:9      | Reached * piety under Vehumet
 12563 | D:9      | Offered knowledge of Sting by Vehumet.
 12570 | D:9      | Killed Erolcha
 12570 | D:9      | Reached XP level 10. HP: 37/56 MP: 7/23
 12695 | D:9      | Learned a level 1 spell: Sting
 13522 | D:9      | Noticed a komodo dragon
 13532 | D:9      | Killed a komodo dragon
 13738 | D:9      | Reached skill level 10 in Dodging
 13788 | D:9      | Reached skill level 1 in Long Blades
 14001 | D:9      | Noticed a komodo dragon
 14004 | D:9      | Killed a komodo dragon
 14109 | D:9      | Noticed a komodo dragon
 14121 | D:9      | Killed a komodo dragon
 14121 | D:9      | Reached skill level 5 in Long Blades
 14372 | D:9      | Gained mutation: You are somewhat resistant to further mutation. [potion of beneficial mutation]
 14425 | D:9      | Found a staircase to the Lair.
 14655 | Lair:1   | Entered Level 1 of the Lair of Beasts
 14759 | Lair:1   | Offered knowledge of Magic Dart by Vehumet.
 14766 | Lair:1   | Reached ** piety under Vehumet
 15139 | Lair:1   | Noticed Urug
 15167 | Lair:1   | Killed Urug
 15167 | Lair:1   | Reached XP level 11. HP: 28/61 MP: 14/24
 15581 | Lair:1   | Learned a level 1 spell: Magic Dart
 15969 | Lair:1   | Noticed a four-headed hydra
 16012 | Lair:1   | Offered knowledge of Mephitic Cloud by Vehumet.
 16023 | Lair:1   | Noticed Harold
 16027 | Lair:1   | Killed Harold
 16276 | Lair:1   | Reached skill level 10 in Long Blades
 16368 | Lair:2   | Reached skill level 1 in Fighting
 16756 | Lair:2   | Reached *** piety under Vehumet
 17579 | Lair:3   | Reached skill level 5 in Fighting
 18320 | Lair:3   | Noticed a four-headed hydra
 18323 | Lair:3   | Killed a four-headed hydra
 18591 | Lair:4   | Noticed an eight-headed hydra
 18609 | Lair:4   | Offered knowledge of Fulminant Prism by Vehumet.
 18611 | Lair:4   | Reached XP level 12. HP: 63/84 MP: 18/25
 18712 | Lair:4   | Killed an eight-headed hydra
 20100 | Lair:5   | Reached skill level 10 in Fighting
 20245 | Lair:5   | HP: 4/87 [swamp dragon (1)]
 20245 | Lair:5   | Slain by a swamp dragon

Action                   |  1- 3 |  4- 6 |  7- 9 | 10-12 || total
-------------------------+-------+-------+-------+-------++-------
Melee: Dagger            |    43 |    14 |       |       ||    57
       Unarmed           |     1 |       |       |       ||     1
       Falchion          |       |       |    35 |       ||    35
       Long sword        |       |       |     7 |     2 ||     9
       Scimitar          |       |       |       |    90 ||    90
 Cast: Shock             |    61 |    82 |   187 |   216 ||   546
       Static Discharge  |     5 |    43 |    56 |   110 ||   214
       Lightning Bolt    |       |       |    25 |    69 ||    94
       Repel Missiles    |       |       |       |     2 ||     2
Evoke: Wand              |       |       |     1 |     2 ||     3
  Use: Scroll            |     4 |     8 |     8 |    10 ||    30
       Potion            |     2 |     5 |     3 |    16 ||    26
  Eat: Chunk             |     7 |     8 |    21 |    10 ||    46
       Beef jerky        |     1 |       |     2 |     2 ||     5
       Bread ration      |       |     1 |     1 |     5 ||     7
       Fruit             |       |       |     2 |     4 ||     6
       Meat ration       |       |       |     1 |       ||     1
       Royal jelly       |       |       |       |     1 ||     1
       Pizza             |       |       |       |     1 ||     1
